 Dungeon Crawl Stone Soup version 0.24-b1 (webtiles) character file.

Game seed: 4531159851108938055, levelgen mode: deterministic

60 Geeful the Covered (level 4, 0/37 HPs)
             Began as a Barachi Fighter on Oct 12, 2019.
             Succumbed to an adder's poison
             ... on level 2 of the Dungeon.
             The game lasted 00:02:38 (1012 turns).

Geeful the Covered (Barachi Fighter)                Turns: 1012, Time: 00:02:39

Health: 0/37       AC:  7    Str: 17 (18) XL:     4   Next: 6%
Magic:  4/4        EV:  7    Int: 10 (13) God:
Gold:   53         SH:  9    Dex: 10 (12) Spells: 3/3 levels left

rFire    . . .     SeeInvis .   a - +0 long sword
rCold    . . .     Gourm    .   c - +0 shield
rNeg     . . .     Faith    .   b - +0 scale mail
rPois    .         Spirit   .   (no helmet)
rElec    .         Reflect  .   (no cloak)
rCorr    .         Harm     .   (no gloves)
MR       +....                  (no boots)
Stlth    ..........             (no amulet)
HPRegen  0.12/turn              e - ring of protection from magic
MPRegen  0.09/turn              (no ring)

@: brilliant, lethally poisoned (0 -> -2), hasted, very quick
A: +LOS, swims, slowness 1, strong legs 1
a: Hop


You were on level 2 of the Dungeon.
You were not hungry.

You visited 1 branch of the dungeon, and saw 2 of its levels.

You collected 53 gold pieces.

Inventory:

Hand Weapons
 a - a +0 long sword (weapon)
Missiles
 o - 15 poisoned darts (quivered)
Armour
 b - a +0 scale mail (worn)
 c - a +0 shield (worn)
Jewellery
 e - a ring of protection from magic (left hand)
Scrolls
 i - a scroll of enchant armour {unknown}
 k - 2 scrolls of identify
 l - 3 scrolls of teleportation {unknown}
 m - a scroll of remove curse {unknown}
Potions
 d - a potion of might
Comestibles
 f - 4 rations


   Skills:
 + Level 4.2 Fighting
 + Level 3.2 Long Blades
 + Level 4.3 Armour
 + Level 3.9 Shields


You had 3 spell levels left.
You didn't know any spells.
Your spell library was empty.

Dungeon Overview and Level Annotations

Branches:
Dungeon (2/15)

Altars:


Innate Abilities, Weirdness & Mutations

Shadows flee at your approach. (+LOS)
You can swim through water.
You cover ground slowly.
You can hop short distances.


Message History

The adder bites you but does no damage. You block the goblin's attack.
Robin hits you but does no damage. The adder bites you but does no damage.
It was a potion of degeneration.
There was something very wrong with that liquid.
You feel weakened.
You feel dopey.
You feel clumsy. The goblin hits you but does no damage.
Your shield prevents you from hitting Robin.
Robin is almost dead.
The adder closely misses you. You block Robin's attack.
The adder completely misses you.
You riposte.
You barely miss the adder. You hit Robin.
You kill Robin!
You have reached level 4!
You feel agile. The goblin hits you with a +0 dagger.
* * * LOW HITPOINT WARNING * * *
You block the adder's attack.
You slash the goblin!
You kill the goblin!
You die...

####.# #..# #....≈≈≈≈
.....# #..# .....≈§§≈
###### #..# ##......≈≈≈
#..# #.......≈≈≈
######..#####........≈)
#...............#......≈.
............>............
#.###########..†.........
..# #..)@)......# ###
#..S###.....# ....
.......# .... ..##
#####.#.# ## #.# #!#.# #
#.#.. #.#.## #.#.# .....


You could see an adder.

Vanquished Creatures
  Robin (D:2)
  An adder (D:2)
  2 leopard geckos (D:1)
  6 bats
  A giant cockroach (D:2)
  8 goblins
  8 hobgoblins (D:1)
  4 jackals (D:1)
  3 kobolds (D:1)
  A frilled lizard (D:1)
  3 rats
38 creatures vanquished.

Vanquished Creatures (others)
  4 goblins (D:2)
  2 hobgoblins (D:2)
6 creatures vanquished.

Grand Total: 44 creatures vanquished

Notes
Turn   | Place    | Note
-------+----------+-------------------------------------------
     0 | D:1      | Geeful the Barachi Fighter began the quest for the Orb.
     0 | D:1      | Reached XP level 1. HP: 18/18 MP: 1/1
   111 | D:1      | Reached XP level 2. HP: 25/25 MP: 2/2
   290 | D:1      | Reached XP level 3. HP: 30/30 MP: 3/3
   997 | D:2      | Noticed Robin
  1011 | D:2      | Killed Robin
  1011 | D:2      | Reached XP level 4. HP: 5/37 MP: 4/4
  1011 | D:2      | HP: 1/37 [goblin/+0 dagger (4)]
  1012 | D:2      | Succumbed to an adder's poison

Skill      XL: |  1  2  3 |
---------------+----------+-----
Armour         | 4 |  4.3
Fighting       | 4 |  4.2
Long Blades    | 3 |  3.2
Shields        | |  3.9

Action                   |  1- 3 |  4- 6 || total
-------------------------+-------+-------++-------
Melee: Long sword        |   126 |     1 ||   127
  Use: Potion            |     3 |       ||     3
       Scroll            |     1 |       ||     1
  Eat: Chunk             |     1 |       ||     1
Armor: Scale mail        |    68 |       ||    68
Dodge: Dodged            |    51 |       ||    51
Block: Shield            |    69 |     1 ||    70
       Rpst.: Long sword |    17 |       ||    17
